[Event "Titled Tuesday Blitz April 05 Early 2022"]
[White "Chernov, Mikhail"]
[Black "Lehtosaari, Mauri"]
[WhiteFideId "24143170"]
[BlackFideId "501999"]
[WhiteElo "2189"]
[BlackElo "2550"]
[Result "1/2-1/2"]
[Round "07"]
[TimeControl "180+1"]
[Date "2022.04.05"]
[WhiteClock "0:00:08"]
[BlackClock "0:00:13"]

1. e4 d5 2. exd5 Qxd5 3. Nc3 Qe5+ 4. Be2 c6 5. Nf3 Qc7 6. O-O Bf5 7. d4 e6 8. Re1 Nf6 9. d5 cxd5 10. Nxd5 Nxd5 11. Qxd5 Be7 12. Bb5+ Nc6 13. Qc4 O-O 14. Bf4 Qb6 15. Bxc6 Qxc6 16. Qxc6 bxc6 17. Nd4 Bf6 18. Nxf5 exf5 19. Be5 Bxe5 20. Rxe5 g6 21. Kf1 Rfe8 22. Rxe8+ Rxe8 23. Rd1 Rb8 24. b3 Rb5 25. Rd6 Rc5 26. c4 Kf8 27. Rd7 a5 28. Ke2 a4 29. Ra7 axb3 30. axb3 Re5+ 31. Kd3 c5 32. Rc7 f4 33. Kc3 Rg5 34. g3 fxg3 35. hxg3 Rf5 36. f4 g5 37. b4 cxb4+ 38. Kxb4 gxf4 39. gxf4 Rxf4 40. Kb5 h5 41. Rc5 f5 42. Rc7 Kg8 43. c5 h4 44. Re7 Rf1 45. c6 Rb1+ 46. Kc5 Kf8 47. Rh7 Ke8 48. Kd6 Rd1+ 49. Ke6 Kd8 50. Kxf5 h3 51. Rxh3 Kc7 52. Rc3 Rd6 53. Ke5 Rxc6 54. Rxc6+ Kxc6 1/2-1/2


[Site "https://www.chess.com"]

[Event "Titled Tuesday Blitz April 05 Early 2022"]
[White "Chincholimath, Halsagar"]
[Black "Maung, Maung Kyaw Zaw Hein"]
[WhiteFideId "5022487"]
[BlackFideId "13001698"]
[WhiteElo "1737"]
[BlackElo "1785"]
[Result "1-0"]
[Round "07"]
[TimeControl "180+1"]
[Date "2022.04.05"]
[WhiteClock "0:00:32"]
[BlackClock "0:00:01"]

1. e4 c6 2. Bc4 d5 3. Bb3 dxe4 4. Qh5 g6 5. Qh4 Nf6 6. f3 exf3 7. Nxf3 Bg7 8. O-O O-O 9. d4 Bf5 10. h3 Be4 11. Nbd2 Bd5 12. c4 Bxf3 13. Nxf3 Nbd7 14. Bh6 Qc7 15. Ng5 e6 16. c5 Rae8 17. Rf3 b6 18. Raf1 bxc5 19. Bxg7 Kxg7 20. Rxf6 Nxf6 21. Rxf6 h6 22. Ne4 cxd4 23. Rf1 d3 24. Qf6+ Kh7 25. Qc3 Rd8 26. Nf6+ Kg7 27. Nh5+ Kh7 28. Qg7# 1-0


[Site "https://www.chess.com"]

[Event "Titled Tuesday Blitz April 05 Early 2022"]
[White "Ciolacu, Alessia-Mihaela"]
[Black "Dovbnia, Nikita"]
[WhiteFideId "1252640"]
[BlackFideId "54104599"]
[WhiteElo "1804"]
[BlackElo "2111"]
[Result "1-0"]
[Round "07"]
[TimeControl "180+1"]
[Date "2022.04.05"]
[WhiteClock "0:00:38"]
[BlackClock "0:00:18"]

1. b3 Nf6 2. Bb2 g6 3. Bxf6 exf6 4. c4 Bg7 5. Nc3 O-O 6. d4 d6 7. e3 f5 8. Bd3 c5 9. Nge2 Nc6 10. d5 Ne5 11. Bc2 a6 12. O-O Bd7 13. a4 b5 14. axb5 axb5 15. Rxa8 Qxa8 16. Nxb5 Bxb5 17. cxb5 Qb7 18. Nc3 Nd7 19. Qd3 Bxc3 20. Qxc3 Qxb5 21. Ra1 Nb6 22. Qd2 Rb8 23. h4 c4 24. bxc4 Nxc4 25. Qd4 Qb2 26. Qa7 Rb6 27. Bd3 Ne5 28. Rb1 Qxb1+ 29. Bxb1 Rxb1+ 30. Kh2 Rd1 31. Qb8+ Kg7 32. Qxd6 Ng4+ 33. Kg3 Rf1 34. f3 Nf6 35. Qe5 Rd1 36. e4 fxe4 37. fxe4 1-0


[Site "https://www.chess.com"]

[Event "Titled Tuesday Blitz April 05 Early 2022"]
[White "Cori T., Deysi"]
[Black "Hansen, Eric"]
[WhiteFideId "3801934"]
[BlackFideId "2606771"]
[WhiteElo "2606"]
[BlackElo "2907"]
[Result "1-0"]
[Round "07"]
[TimeControl "180+1"]
[Date "2022.04.05"]
[WhiteClock "0:00:23"]
[BlackClock "0:00:01"]

1. d4 Nf6 2. Nf3 g6 3. g3 Bg7 4. Bg2 d5 5. O-O O-O 6. Ne5 c6 7. Nd2 Ng4 8. Ndf3 Nxe5 9. Nxe5 Nd7 10. Bf4 Nb6 11. a4 a5 12. c3 Bf5 13. Qb3 Ra7 14. Rad1 Be6 15. Nd3 Nc4 16. Rfe1 Bc8 17. e4 e6 18. Qc2 h6 19. h4 b6 20. Qc1 Kh7 21. e5 b5 22. Nc5 bxa4 23. Qc2 Nb6 24. Ra1 Ba6 25. Bf1 Bxf1 26. Kxf1 Qe7 27. h5 Rb8 28. Kg2 Nd7 29. Nxa4 c5 30. hxg6+ fxg6 31. Rh1 cxd4 32. cxd4 Nf8 33. Rh4 Rc7 34. Nc3 Rcb7 35. Na4 Rc7 36. Nc5 Rb4 37. Bxh6 Bxh6 38. Rah1 Kg7 39. Rxh6 Rxd4 40. Rh7+ Nxh7 41. Nxe6+ Kh8 42. Nxc7 Rc4 43. Nxd5 1-0


[Site "https://www.chess.com"]

[Event "Titled Tuesday Blitz April 05 Early 2022"]
[White "De Souza, Cristiano Gomes"]
[Black "Shukhman, Anna"]
[WhiteFideId "2151758"]
[BlackFideId "54180058"]
[WhiteElo "2068"]
[BlackElo "1665"]
[Result "0-1"]
[Round "07"]
[TimeControl "180+1"]
[Date "2022.04.05"]
[WhiteClock "0:00:28"]
[BlackClock "0:01:03"]

1. d4 Nf6 2. c4 g6 3. Nf3 Bg7 4. Nc3 d5 5. Bf4 O-O 6. e3 Be6 7. Ng5 Bc8 8. Nf3 c6 9. Rc1 Nbd7 10. Ne5 Nxe5 11. Bxe5 Be6 12. c5 b6 13. b4 bxc5 14. dxc5 Nd7 15. Bxg7 Kxg7 16. b5 f6 17. bxc6 Nxc5 18. Nxd5 Qa5+ 19. Nc3 Rfd8 20. Qc2 Bf5 21. Qb2 Rab8 22. Qa1 Bd3 23. Be2 Bxe2 24. Kxe2 Qa6+ 25. Kf3 Qxc6+ 26. Ke2 Nd3 27. Rb1 Qxg2 28. Rxb8 Qxf2+ 29. Kd1 Nb2+ 30. Kc1 Qd2+ 31. Kb1 Rxb8 0-1


[Site "https://www.chess.com"]

[Event "Titled Tuesday Blitz April 05 Early 2022"]
[White "Devaev, Alexander"]
[Black "Arabidze, Meri"]
[WhiteFideId "4169395"]
[BlackFideId "13604040"]
[WhiteElo "2185"]
[BlackElo "2335"]
[Result "0-1"]
[Round "07"]
[TimeControl "180+1"]
[Date "2022.04.05"]
[WhiteClock "0:00:04"]
[BlackClock "0:00:32"]

1. d4 Nf6 2. c4 e6 3. Nf3 d5 4. Nc3 Nbd7 5. cxd5 exd5 6. Bg5 c6 7. e3 Be7 8. Bd3 O-O 9. h3 Re8 10. O-O Ne4 11. Bf4 f5 12. Qc2 Bf6 13. Rae1 g5 14. Bh2 h5 15. Nd2 Nb6 16. b3 Be6 17. f3 Nxc3 18. Qxc3 Qd7 19. Kh1 Qg7 20. Be5 Nd7 21. f4 g4 22. Kh2 Kf7 23. b4 Rg8 24. Rg1 a6 25. Qc2 Qg6 26. a4 Be7 27. b5 axb5 28. axb5 c5 29. dxc5 Nxc5 30. Nb3 Ra2 31. Qb1 gxh3 32. Qxa2 Qg3+ 33. Kh1 Nxd3 34. Nd4 Nf2+ 35. Qxf2 Qxf2 36. gxh3 Rxg1+ 37. Rxg1 Bf6 38. Rg2 Qf1+ 39. Kh2 Bxe5 40. fxe5 f4 41. Rg5 fxe3 0-1


[Site "https://www.chess.com"]

[Event "Titled Tuesday Blitz April 05 Early 2022"]
[White "Dilmukhametov, Artur"]
[Black "Winkels, Marcel"]
[WhiteFideId "24179922"]
[BlackFideId "1003887"]
[WhiteElo "2244"]
[BlackElo "1900"]
[Result "0-1"]
[Round "07"]
[TimeControl "180+1"]
[Date "2022.04.05"]
[WhiteClock "0:02:10"]
[BlackClock "0:01:43"]

1. d4 Nf6 2. Nc3 d5 3. Bf4 Bf5 4. f3 e6 5. g4 Bg6 6. h4 h5 7. g5 Nfd7 8. e3 a6 9. Bd3 Bxd3 10. Qxd3 g6 11. Nh3 Bd6 12. O-O-O Nc6 13. Bxd6 cxd6 14. e4 dxe4 15. fxe4 Qa5 16. Kb1 O-O-O 17. e5 d5 18. Rhf1 Rhf8 19. Ne2 Nb6 20. Nc1 Nc4 21. Nb3 Qb6 22. Rf3 a5 23. Nc5 Qxb2# 0-1


[Site "https://www.chess.com"]

[Event "Titled Tuesday Blitz April 05 Early 2022"]
[White "Domingo Nunez, Alejandro"]
[Black "Li, Xueyi"]
[WhiteFideId "22245561"]
[BlackFideId "8605912"]
[WhiteElo "2215"]
[BlackElo "2091"]
[Result "1-0"]
[Round "07"]
[TimeControl "180+1"]
[Date "2022.04.05"]
[WhiteClock "0:00:09"]
[BlackClock "0:00:18"]

1. d4 Nf6 2. Nf3 g6 3. g3 Bg7 4. Bg2 O-O 5. O-O d5 6. Nc3 c5 7. dxc5 Nc6 8. Bg5 Ne4 9. Nxe4 dxe4 10. Qxd8 Rxd8 11. Nd2 h6 12. Be3 f5 13. c3 Ne5 14. Bd4 Nd7 15. Bxg7 Kxg7 16. Nb3 Ne5 17. Rfd1 Be6 18. Nd4 Bf7 19. f3 exf3 20. Bxf3 Rab8 21. b3 Kf6 22. Bg2 Ng4 23. c6 bxc6 24. Nxc6 Rxd1+ 25. Rxd1 Rb6 26. Rd3 a6 27. c4 Ne5 28. Nxe5 Kxe5 29. c5 Rb8 30. c6 Rc8 31. Rd7 Kf6 32. Ra7 e5 33. Rxa6 e4 34. b4 Bc4 35. Rb6 Ke7 36. b5 Kd6 37. a4 Kc5 38. Rb7 Bxe2 39. c7 Kd6 40. b6 Ba6 41. Ra7 Bb7 42. Rxb7 1-0


[Site "https://www.chess.com"]

[Event "Titled Tuesday Blitz April 05 Early 2022"]
[White "Dukic, Zachary"]
[Black "Melikhov, Evgeny V."]
[WhiteFideId "2617188"]
[BlackFideId "4122046"]
[WhiteElo "2086"]
[BlackElo "1931"]
[Result "0-1"]
[Round "07"]
[TimeControl "180+1"]
[Date "2022.04.05"]
[WhiteClock "0:00:05"]
[BlackClock "0:00:18"]

1. e4 e5 2. Nf3 Nc6 3. d4 exd4 4. Nxd4 Bc5 5. Nxc6 Qf6 6. Qf3 Qxf3 7. gxf3 bxc6 8. Be3 Bxe3 9. fxe3 d5 10. exd5 cxd5 11. Bb5+ Bd7 12. Bxd7+ Kxd7 13. Nd2 Nf6 14. Nb3 Rhe8 15. Kf2 a5 16. Rhg1 g6 17. a4 Kd6 18. Nd4 c6 19. Rgd1 Rab8 20. b3 Nd7 21. Rac1 Nc5 22. Ne2 f5 23. h4 Re7 24. Nf4 Rbe8 25. Re1 Ne6 26. Nd3 h6 27. Rg1 g5 28. Rce1 Rg7 29. hxg5 hxg5 30. Rh1 g4 31. Rh6 Kc7 32. fxg4 fxg4 33. Kg3 Ng5 34. Nf4 Ne4+ 35. Kg2 Rgg8 36. Reh1 Nc3 37. Rh7+ Kb6 38. Rf7 Rxe3 39. Rhh7 Kc5 40. Re7 Rxe7 41. Rxe7 Rf8 42. Kg3 Rg8 43. Re3 Ne4+ 44. Kg2 g3 45. Re1 Kd4 46. Ne6+ Kc3 47. Nf4 Kxc2 48. b4 axb4 49. a5 Ra8 50. a6 Rxa6 0-1


[Site "https://www.chess.com"]

[Event "Titled Tuesday Blitz April 05 Early 2022"]
[White "Estrada Nieto, Julian"]
[Black "Piliczewski, Bogusz"]
[WhiteFideId "5101018"]
[BlackFideId "1104144"]
[WhiteElo "2252"]
[BlackElo "1896"]
[Result "0-1"]
[Round "07"]
[TimeControl "180+1"]
[Date "2022.04.05"]
[WhiteClock "0:01:15"]
[BlackClock "0:00:46"]

1. e4 c6 2. d4 d5 3. exd5 cxd5 4. Bd3 Nc6 5. c3 Nf6 6. Nf3 Bg4 7. Bf4 e6 8. O-O Bd6 9. Bxd6 Qxd6 10. Nbd2 O-O 11. Qb3 a6 12. a4 Nd7 13. Rfe1 Rab8 14. a5 Qc7 15. Qa3 Rfe8 16. b4 Na7 17. h3 Bxf3 18. Nxf3 Rec8 19. Rac1 Nf6 20. c4 dxc4 21. Rxc4 Qd6 22. Rec1 Rxc4 23. Bxc4 Nc6 24. Bf1 Qxb4 25. Qxb4 Nxb4 26. Rc7 Nfd5 27. Rd7 Nc6 28. Ne5 Nxe5 29. dxe5 Kf8 30. Bc4 Ke8 31. Rd6 Rd8 32. Rxd8+ Kxd8 33. Kf1 Ne7 34. Ke2 Nc6 35. f4 Nxa5 36. Bd3 g6 37. g4 b5 38. Kd2 Kc7 39. Kc3 Kb6 40. f5 Nc6 41. fxg6 fxg6 42. h4 Nxe5 43. Be2 Kc5 44. h5 g5 45. h6 Nf7 46. Bd3 Nxh6 47. Bxh7 Nxg4 48. Bg8 e5 49. Be6 Nf2 50. Bf5 b4+ 51. Kd2 Kd4 52. Ke2 Ne4 53. Kf3 Nd6 54. Bb1 a5 55. Kg4 a4 56. Kxg5 b3 57. Kf6 a3 58. Ke6 Nc4 0-1


[Site "https://www.chess.com"]

[Event "Titled Tuesday Blitz April 05 Early 2022"]
[White "Fernandez Siles, Luis"]
[Black "Baker, Chris W"]
[WhiteFideId "2209420"]
[BlackFideId "401676"]
[WhiteElo "2212"]
[BlackElo "2144"]
[Result "1-0"]
[Round "07"]
[TimeControl "180+1"]
[Date "2022.04.05"]
[WhiteClock "0:00:18"]
[BlackClock "0:01:23"]

1. e4 e5 2. Nf3 Nc6 3. Bc4 Bc5 4. O-O Nf6 5. d4 Bxd4 6. Nxd4 Nxd4 7. Bg5 h6 8. Bh4 d6 9. f4 Bg4 10. Bxf6 Bxd1 11. Bxd8 Rxd8 12. Rxd1 Nxc2 13. Nc3 Nxa1 14. Rxa1 c6 15. fxe5 dxe5 16. Re1 Ke7 17. Kf2 Rd2+ 18. Re2 Rhd8 19. Ke3 Rxe2+ 20. Nxe2 Rd1 21. Ng3 g6 22. a4 Rg1 23. Kf3 Rb1 24. b3 b6 25. Ne2 a6 26. Nc3 Rb2 27. Nd1 Rd2 28. Be2 b5 29. axb5 axb5 30. Ke3 Ra2 31. h3 Kd6 32. Kd3 Kc5 33. Nc3 Ra1 34. Kc2 Rg1 35. Bf3 Kd4 36. Ne2+ 1-0


[Site "https://www.chess.com"]

[Event "Titled Tuesday Blitz April 05 Early 2022"]
[White "Fikiet, Alex"]
[Black "Kokoszczynski, Jan"]
[WhiteFideId "2052717"]
[BlackFideId "1174460"]
[WhiteElo "2443"]
[BlackElo "2163"]
[Result "1-0"]
[Round "07"]
[TimeControl "180+1"]
[Date "2022.04.05"]
[WhiteClock "0:00:40"]
[BlackClock "0:00:53"]

1. e4 e5 2. Nf3 Nc6 3. Nc3 Nf6 4. a3 d6 5. d4 exd4 6. Nxd4 Be7 7. Bc4 O-O 8. h3 Nxd4 9. Qxd4 Be6 10. Be3 Bxc4 11. Qxc4 Qd7 12. O-O Rfe8 13. Rad1 h6 14. f4 Qc6 15. Qxc6 bxc6 16. Kf2 Bf8 17. Kf3 a6 18. Bd4 Nd7 19. Rfe1 Rab8 20. b3 g6 21. g4 Bg7 22. Bxg7 Kxg7 23. e5 d5 24. Ne2 Rb6 25. b4 Ra8 26. c4 a5 27. b5 cxb5 28. Rxd5 Nf8 29. cxb5 Rab8 30. Nd4 Ne6 31. Nxe6+ Rxe6 32. Rc1 Rb7 33. a4 Re7 34. Rc6 Ra7 35. f5 gxf5 36. gxf5 Re8 37. Kf4 Kf8 38. Rd7 Kg7 39. e6 1-0


[Site "https://www.chess.com"]

[Event "Titled Tuesday Blitz April 05 Early 2022"]
[White "Golubeva, Oksana"]
[Black "Miszler, Levente"]
[WhiteFideId "4170164"]
[BlackFideId "763276"]
[WhiteElo "2162"]
[BlackElo "1966"]
[Result "1-0"]
[Round "07"]
[TimeControl "180+1"]
[Date "2022.04.05"]
[WhiteClock "0:01:19"]
[BlackClock "0:00:06"]

1. Nf3 Nf6 2. e3 g6 3. c4 Bg7 4. Nc3 O-O 5. d4 d6 6. b3 Nbd7 7. Bb2 c6 8. Be2 Qc7 9. O-O e5 10. dxe5 dxe5 11. Qc2 Nc5 12. e4 Rd8 13. Rad1 Be6 14. b4 Na6 15. a3 Nh5 16. g3 Bh3 17. Rfe1 Qe7 18. c5 Nc7 19. Nd2 Nf6 20. Nc4 Ne6 21. Nb1 Nd4 22. Bxd4 exd4 23. Nd6 Ne8 24. e5 Bxe5 25. Nc4 Bf5 26. Bd3 Bxd3 27. Qxd3 Rd5 28. f4 f6 29. fxe5 fxe5 30. Nbd2 Nf6 31. Ne4 Nxe4 32. Rxe4 Rf8 33. Rde1 Rf5 34. Qe2 d3 35. Qd2 Qf6 36. Ne3 Rf3 37. Nxd5 cxd5 38. Rxe5 1-0


[Site "https://www.chess.com"]

[Event "Titled Tuesday Blitz April 05 Early 2022"]
[White "Gracia Alvarez, Gerardo Antonio"]
[Black "Piesik, Piotr"]
[WhiteFideId "5109124"]
[BlackFideId "1136194"]
[WhiteElo "2139"]
[BlackElo "2190"]
[Result "1-0"]
[Round "07"]
[TimeControl "180+1"]
[Date "2022.04.05"]
[WhiteClock "0:02:04"]
[BlackClock "0:02:15"]

1. e4 g6 2. d4 Bg7 3. Nf3 c6 4. Nc3 d6 5. Be2 Nf6 6. O-O O-O 7. Re1 Bg4 8. h3 Bxf3 9. Bxf3 Nbd7 10. Be3 e5 11. Qd2 Qe7 12. Rad1 Nb6 13. b3 Rad8 14. Bg5 Rfe8 15. a4 Nbd7 16. d5 Nc5 17. b4 Na6 18. dxc6 bxc6 19. b5 cxb5 20. Nd5 Qe6 21. Bxf6 Bxf6 22. Bg4 1-0


[Site "https://www.chess.com"]

[Event "Titled Tuesday Blitz April 05 Early 2022"]
[White "Gunina, Valentina"]
[Black "Brodowski, Piotr"]
[WhiteFideId "4167570"]
[BlackFideId "1124480"]
[WhiteElo "2699"]
[BlackElo "2545"]
[Result "1-0"]
[Round "07"]
[TimeControl "180+1"]
[Date "2022.04.05"]
[WhiteClock "0:01:31"]
[BlackClock "0:00:01"]

1. d4 c5 2. d5 d6 3. c4 e5 4. Nc3 Be7 5. e4 a6 6. Nf3 Nf6 7. Be2 O-O 8. O-O Nbd7 9. h3 Ne8 10. Be3 g6 11. Nd2 Ng7 12. a4 f5 13. f4 exf4 14. Bxf4 g5 15. Bh2 f4 16. h4 h6 17. hxg5 hxg5 18. g3 Qb6 19. gxf4 Qxb2 20. Rc1 gxf4 21. Rxf4 Rxf4 22. Bxf4 Nf8 23. e5 dxe5 24. Bxe5 Ng6 25. Rb1 Qxb1 26. Qxb1 Nxe5 27. Nce4 Nf5 28. Qb6 Nd4 29. Qc7 Nxe2+ 30. Kf2 Bh4+ 31. Kxe2 Bg4+ 32. Ke3 Ng6 33. d6 Rf8 34. Qxc5 Bd8 35. Qd5+ 1-0


[Site "https://www.chess.com"]

[Event "Titled Tuesday Blitz April 05 Early 2022"]
[White "Harshavardhan G B"]
[Black "Sergienko, Sergey"]
[WhiteFideId "25059009"]
[BlackFideId "4115791"]
[WhiteElo "1831"]
[BlackElo "2193"]
[Result "1-0"]
[Round "07"]
[TimeControl "180+1"]
[Date "2022.04.05"]
[WhiteClock "0:00:34"]
[BlackClock "0:00:08"]

1. d4 Nf6 2. c4 c5 3. d5 e5 4. Nc3 d6 5. e4 Be7 6. g3 O-O 7. h4 Na6 8. h5 h6 9. f3 Nc7 10. a4 b6 11. g4 Nh7 12. Nge2 Bh4+ 13. Kd2 Bg5+ 14. Kc2 a6 15. f4 exf4 16. Nxf4 Nf6 17. Be2 Re8 18. Bf3 Rb8 19. Nd3 Bxc1 20. Qxc1 Nh7 21. e5 Ng5 22. Bg2 dxe5 23. Ne4 Nxe4 24. Bxe4 b5 25. b3 bxc4 26. bxc4 Qd6 27. g5 Bd7 28. Rg1 Kh8 29. gxh6 gxh6 30. Bg6 Qf8 31. Bxf7 e4 32. Nxc5 Bf5 33. Rg8+ Qxg8 34. Bxg8 e3+ 35. Kc3 Kxg8 36. Qg1+ Kh7 37. Qg3 Nxd5+ 38. cxd5 Rbc8 39. Kd4 e2 40. Re1 1-0


[Site "https://www.chess.com"]

[Event "Titled Tuesday Blitz April 05 Early 2022"]
[White "Heinemann, Josefine"]
[Black "Von Buelow, Georg"]
[WhiteFideId "12900460"]
[BlackFideId "4620658"]
[WhiteElo "2300"]
[BlackElo "2173"]
[Result "1-0"]
[Round "07"]
[TimeControl "180+1"]
[Date "2022.04.05"]
[WhiteClock "0:00:08"]
[BlackClock "0:00:08"]

1. b3 d5 2. Bb2 Bg4 3. g3 e6 4. Bg2 Nd7 5. Nf3 Bxf3 6. Bxf3 Ngf6 7. O-O c6 8. c4 Bd6 9. Nc3 h5 10. h4 Ne5 11. Bg2 Nfg4 12. d4 Nd7 13. e4 g5 14. e5 Bb4 15. hxg5 Qxg5 16. Qc1 Qg7 17. Qf4 O-O-O 18. Rac1 Kb8 19. a3 Be7 20. cxd5 Bg5 21. Qf3 cxd5 22. Rc2 Nb6 23. Nb5 Rd7 24. Bc1 Be7 25. Bf4 h4 26. gxh4 Rxh4 27. Bg3 Rh8 28. Rfc1 a6 29. Nd6 Bxd6 30. exd6 Qxd4 31. Rc7 Rhd8 32. Rxd7 Rxd7 33. Bh3 Ne5 34. Qf6 Nc6 35. Qg5 Qb2 36. Re1 Ka7 37. b4 Qxa3 38. b5 axb5 39. Qg7 Na4 40. Bxe6 Rxd6 41. Bxd6 Qxd6 42. Bh3 d4 43. Qxf7 d3 44. Rd1 Ne5 45. Qf4 Nc3 46. Qe3+ Kb8 47. Rd2 Ne2+ 48. Kf1 Qd5 49. Bg2 Qc5 50. Qxc5 Nc4 51. Qf8+ Ka7 52. Rxd3 Nf4 53. Qxf4 b6 54. Qc7+ Ka6 55. Rd8 Ka5 56. Ra8+ Kb4 57. Qe7+ Kb3 58. Bd5 Kc2 59. Bxc4 bxc4 60. Rc8 c3 61. Qb4 Kd1 62. Rxc3 b5 63. Qb2 b4 64. Rc1# 1-0


[Site "https://www.chess.com"]

[Event "Titled Tuesday Blitz April 05 Early 2022"]
[White "Hernandez Bermudez, Ulises Eduardo"]
[Black "Kostiukov, Alexandr"]
[WhiteFideId "3902510"]
[BlackFideId "14108100"]
[WhiteElo "2056"]
[BlackElo "2202"]
[Result "0-1"]
[Round "07"]
[TimeControl "180+1"]
[Date "2022.04.05"]
[WhiteClock "0:00:07"]
[BlackClock "0:01:14"]

1. e4 c5 2. Nf3 g6 3. c4 Bg7 4. d4 cxd4 5. Nxd4 Nc6 6. Be3 Nf6 7. f3 Qb6 8. Nf5 Qxb2 9. Nxg7+ Kf8 10. Nd2 Kxg7 11. Bd3 Qc3 12. Ke2 Nb4 13. Qb1 Qxd3+ 14. Qxd3 Nxd3 15. Kxd3 d6 16. Rab1 b6 17. Nb3 Ba6 18. Rhc1 Rhc8 19. Nd4 Nd7 20. Nb5 Ne5+ 21. Kd4 Kf8 22. Bf4 Nc6+ 23. Ke3 Na5 24. Kd4 e5+ 0-1


[Site "https://www.chess.com"]

[Event "Titled Tuesday Blitz April 05 Early 2022"]
[White "Hernandez Jimenez, Alexander Andres"]
[Black "Biletskiy, Danylo"]
[WhiteFideId "3900452"]
[BlackFideId "14155419"]
[WhiteElo "2098"]
[BlackElo "2087"]
[Result "1-0"]
[Round "07"]
[TimeControl "180+1"]
[Date "2022.04.05"]
[WhiteClock "0:01:01"]
[BlackClock "0:00:25"]

1. e4 c5 2. Nf3 Nc6 3. d4 cxd4 4. Nxd4 Nf6 5. Nc3 e5 6. Ndb5 d6 7. Bg5 a6 8. Na3 b5 9. Bxf6 gxf6 10. Nd5 Bg7 11. c3 Be6 12. Nc2 O-O 13. a4 Rb8 14. axb5 axb5 15. Ncb4 Nxb4 16. Nxb4 f5 17. exf5 Bxf5 18. Be2 Qg5 19. h4 Qxg2 20. Bf3 Qg6 21. Nd5 Rfe8 22. Ra7 Kh8 23. h5 Qe6 24. Nc7 Qe7 25. Nxe8 Qxa7 26. Nxg7 Kxg7 27. h6+ Kg8 28. Rg1+ Bg6 29. Qxd6 Re8 30. Qf6 Kf8 31. Rxg6 Qa1+ 32. Bd1 Qxb2 33. Rg8+ 1-0


[Site "https://www.chess.com"]

[Event "Titled Tuesday Blitz April 05 Early 2022"]
[White "Hoffmann, Asa"]
[Black "Perera Alfonso, Rene Humberto"]
[WhiteFideId "2001470"]
[BlackFideId "3514722"]
[WhiteElo "2117"]
[BlackElo "2313"]
[Result "1-0"]
[Round "07"]
[TimeControl "180+1"]
[Date "2022.04.05"]
[WhiteClock "0:01:54"]
[BlackClock "0:02:33"]

1. d4 d5 2. Bg5 h6 3. Bh4 c5 4. e3 Qb6 5. Nc3 a6 6. Nxd5 Qxb2 7. Nc7+ Kd8 8. Nxa8 Qc3+ 9. Ke2 Be6 10. dxc5+ Kc8 11. Nb6+ Kc7 12. Bg3+ Kc6 13. Rb1 Qxc5 14. Nf3 Nd7 15. Nd4+ 1-0


[Site "https://www.chess.com"]

[Event "Titled Tuesday Blitz April 05 Early 2022"]
[White "Hua, Lefong"]
[Black "Derraugh, Geordie"]
[WhiteFideId "2602253"]
[BlackFideId "2603950"]
[WhiteElo "2590"]
[BlackElo "2116"]
[Result "0-1"]
[Round "07"]
[TimeControl "180+1"]
[Date "2022.04.05"]
[WhiteClock "0:00:36"]
[BlackClock "0:00:35"]

1. d4 Nf6 2. c4 g6 3. Nc3 d5 4. cxd5 Nxd5 5. e4 Nxc3 6. bxc3 Bg7 7. Nf3 O-O 8. Rb1 c5 9. Be2 Nc6 10. d5 Ne5 11. Nxe5 Bxe5 12. Qd2 b6 13. f4 Bg7 14. c4 e5 15. O-O exf4 16. Qxf4 Qe7 17. Bb2 Re8 18. Bd3 Ba6 19. Bxg7 Kxg7 20. Rbe1 f6 21. h4 Qe5 22. Qxe5 Rxe5 23. Kf2 Rae8 24. Re3 f5 25. Rfe1 fxe4 26. Rxe4 Rxe4 27. Rxe4 Rxe4 28. Bxe4 Bxc4 29. d6 Be6 30. Ke3 Kf6 31. Kf4 Bxa2 32. d7 Ke7 33. Kg5 c4 34. Kh6 c3 35. Bc2 b5 36. Kxh7 Bf7 37. Kg7 Bc4 38. Kxg6 b4 39. h5 b3 40. Bf5 c2 0-1


[Site "https://www.chess.com"]

[Event "Titled Tuesday Blitz April 05 Early 2022"]
[White "Ianov, Viktor"]
[Black "Tsyhanchuk, Stanislav"]
[WhiteFideId "14102730"]
[BlackFideId "13505130"]
[WhiteElo "2161"]
[BlackElo "2078"]
[Result "1-0"]
[Round "07"]
[TimeControl "180+1"]
[Date "2022.04.05"]
[WhiteClock "0:01:15"]
[BlackClock "0:00:04"]

1. Nf3 d5 2. g3 Bg4 3. Bg2 Nd7 4. c4 e6 5. Qa4 Nf6 6. Ne5 c6 7. Nxg4 Nxg4 8. cxd5 Ngf6 9. dxc6 bxc6 10. Bxc6 Rc8 11. Nc3 Bc5 12. d4 Bxd4 13. O-O O-O 14. Bxd7 Qxd7 15. Qxd7 Nxd7 16. Rd1 Bxc3 17. Rxd7 Bf6 18. Rxa7 Rc2 19. Kf1 Rfc8 20. Be3 Rxb2 21. Rd1 h5 22. a4 Rcc2 23. Rdd7 Rxe2 24. Rxf7 h4 25. Rfb7 Ra2 26. gxh4 Rec2 27. h5 Kh7 28. h6 Be5 29. hxg7 Bf4 30. Ra8 Bxe3 31. g8=Q+ Kh6 32. Rh7# 1-0


[Site "https://www.chess.com"]

[Event "Titled Tuesday Blitz April 05 Early 2022"]
[White "Ivanov, Mike"]
[Black "Horcajuelo Rocamora, Martin"]
[WhiteFideId "2613158"]
[BlackFideId "24573027"]
[WhiteElo "2182"]
[BlackElo "1822"]
[Result "1-0"]
[Round "07"]
[TimeControl "180+1"]
[Date "2022.04.05"]
[WhiteClock "0:01:22"]
[BlackClock "0:01:42"]

1. e4 e5 2. Nf3 Nc6 3. Nc3 Nf6 4. Bb5 Be7 5. d4 exd4 6. Nxd4 O-O 7. O-O a6 8. Bxc6 dxc6 9. e5 Nd5 10. Ne4 c5 11. Nb3 b6 12. a3 c4 13. Nd4 Bb7 14. Nf5 Qd7 15. Qg4 1-0


[Site "https://www.chess.com"]

[Event "Titled Tuesday Blitz April 05 Early 2022"]
[White "Jain, Naveen"]
[Black "Politov, Pavel Y."]
[WhiteFideId "5003970"]
[BlackFideId "24110515"]
[WhiteElo "2036"]
[BlackElo "2090"]
[Result "0-1"]
[Round "07"]
[TimeControl "180+1"]
[Date "2022.04.05"]
[WhiteClock "0:00:50"]
[BlackClock "0:00:19"]

1. e4 c5 2. Nc3 d6 3. Bc4 e6 4. a3 a6 5. a4 Nf6 6. Nf3 Nbd7 7. d3 Be7 8. Bd2 O-O 9. O-O b6 10. d4 cxd4 11. Nxd4 Bb7 12. f4 Nxe4 13. Nxe4 Bxe4 14. Qg4 d5 15. Nc6 Qe8 16. Nxe7+ Qxe7 17. Bd3 Bxd3 18. cxd3 Nf6 19. Qg3 d4 20. Rae1 Nd5 21. f5 Rae8 22. Bg5 Qc7 23. Qg4 exf5 24. Qxf5 Ne3 25. Bxe3 dxe3 26. Re2 Qe5 27. Qg4 f5 28. Qc4+ Qe6 29. Qxa6 f4 30. Rfe1 f3 31. Rxe3 f2+ 32. Kf1 fxe1=Q+ 33. Kxe1 Qxe3+ 34. Kd1 Rf1+ 35. Kc2 Qc5+ 36. Kb3 Rf6 37. Qc4+ Qxc4+ 38. dxc4 Rf2 39. Ka3 Rxg2 40. b3 Rxh2 41. Kb4 g5 42. a5 Rg2 43. axb6 Rf2 44. c5 Rf6 45. Kb5 g4 46. c6 Rxc6 47. Kxc6 g3 48. b7 g2 49. b4 g1=Q 50. b5 Qc1+ 51. Kb6 Qe3+ 52. Ka6 Re6+ 53. b6 Qxb6# 0-1


[Site "https://www.chess.com"]

[Event "Titled Tuesday Blitz April 05 Early 2022"]
[White "Jakubowska, Anna"]
[Black "Khamdamova, Afruza"]
[WhiteFideId "1121952"]
[BlackFideId "14210444"]
[WhiteElo "1924"]
[BlackElo "1660"]
[Result "1-0"]
[Round "07"]
[TimeControl "180+1"]
[Date "2022.04.05"]
[WhiteClock "0:01:03"]
[BlackClock "0:00:24"]

1. e4 e5 2. Nf3 Nf6 3. Nxe5 d6 4. Nf3 Nxe4 5. Nc3 Nxc3 6. dxc3 Be7 7. Bf4 Nc6 8. Qd2 Be6 9. Bd3 Qd7 10. Nd4 Nxd4 11. cxd4 O-O-O 12. Be2 d5 13. O-O-O Bd6 14. Bf3 Rhe8 15. Rhe1 Qa4 16. a3 Bxf4 17. Qxf4 Rd6 18. Rd2 Red8 19. Re5 Kb8 20. Kb1 Rb6 21. Qe3 a6 22. Rd3 Rdd6 23. Rc3 Qb5 24. b3 Qa5 25. Kb2 g6 26. Rc5 Rb5 27. Rc3 Qb6 28. Be2 Ra5 29. Rc5 Ka7 30. Qc3 Rc6 31. Qxa5 1-0


[Site "https://www.chess.com"]